 Dungeon Crawl Stone Soup version 0.29.1-12-g30fa7ad0bf (webtiles) character file.

Game seed: 10512672631784540227

86 mopl the Chopper (level 4, -1/36 HPs)
             Began as a Barachi Monk on Dec 16, 2022.
             Was a Believer of Elyvilon.
             Killed from afar by an orc wizard (5 damage)
             ... with a magic dart
             ... on level 2 of the Dungeon.
             The game lasted 00:03:06 (2045 turns).

mopl the Chopper (Barachi Monk)                     Turns: 2045, Time: 00:03:07

Health: -1/36      AC:  8    Str: 14    XL:     4   Next: 50%
Magic:  4/4        EV: 12    Int: 10    God:    Elyvilon [**....]
Gold:   127        SH:  0    Dex: 15    Spells: 3/3 levels left

rFire   . . .      SeeInvis .   a - +0 hand axe
rCold   . . .      Faith    .   (no shield)
rNeg    . . .      Spirit   .   r - +0 acid dragon scales
rPois   .          Reflect  .   i - +1 helmet
rElec   .          Harm     .   (no cloak)
rCorr   +          Rampage  .   (no gloves)
Will    .....                   (no boots)
Stlth   +.........              (no amulet)
HPRegen 0.12/turn               (no ring)
MPRegen 0.09/turn               (no ring)

@: confused, unable to hop, slow
A: amphibious, slowness 1, strong legs 1, +LOS
a: Hop, Renounce Religion, Purification, Heal Other


You were on level 2 of the Dungeon.
You worshipped Elyvilon.
Elyvilon was pleased with you.
You visited 1 branch of the dungeon, and saw 3 of its levels.

You collected 127 gold pieces.

Inventory:

Hand Weapons
 a - a +0 hand axe (weapon)
Missiles
 l - 2 silver boomerangs
Armour
 i - a +1 helmet (worn)
 r - +0 acid dragon scales (worn)
Jewellery
 n - a ring of wizardry
Scrolls
 b - a scroll of enchant armour {unknown}
 d - a scroll of poison {unknown}
 e - a scroll of brand weapon {unknown}
 f - a scroll of vulnerability {unknown}
 g - a scroll of amnesia {unknown}
 j - a scroll of immolation {unknown}
 k - 5 scrolls of identify {unknown}
 m - a scroll of blinking {unknown}
 o - a scroll of teleportation {unknown}
 q - a scroll of fear {unknown}


   Skills:
 - Level 3.6 Fighting
 * Level 5.4 Axes
 - Level 3.2 Dodging
 - Level 1.7 Stealth
 + Level 0.9 Invocations


You had 3 spell levels left.
You didn't know any spells.
Your spell library was empty.

Dungeon Overview and Level Annotations

Branches:
Dungeon (3/15)

Altars:
Elyvilon
Qazlal

Annotations:
D:2 dig


Innate Abilities, Weirdness & Mutations

You are amphibious.
You cover ground slowly.
You can hop short distances.
You have an extended range of vision and can be seen from far away.


Message History

You completely miss the orc wizard.
The orc wizard is moderately wounded.
The orc wizard mumbles some strange words.
The orc wizard flickers and vanishes!
Deactivating autopickup; reactivate with Ctrl-A.
You miss something.
You hear some strange, mumbled words.
A puff of flame appears from out of thin air!
The puff of flame hits you!
You miss something. Something hits you but does no damage.
You barely miss something. Something hits you but does no damage.
You miss something. Something hits you but does no damage.
You barely miss something.
You hear some strange, mumbled words.
A puff of flame appears from out of thin air!
The puff of flame hits you.
* * * LOW HITPOINT WARNING * * *
Something hits you but does no damage.
You barely miss something. Something hits you but does no damage.
You closely miss something.
You hear some strange, mumbled words.
Something tries to affect you, but you resist.
You closely miss something. Something hits you.
* * * LOW HITPOINT WARNING * * *
You barely miss something.
You hear some strange, mumbled words.
A magic dart appears from out of thin air!
The magic dart hits you.
* * * LOW HITPOINT WARNING * * *
Hop to where?
Press: ? - help, Dir - move target Boing!
A puff of flame appears from out of thin air!
The puff of flame hits you but does no damage.
Something tries to affect you, but you resist.
You hear some strange, mumbled words.
You are confused.
A magic dart appears from out of thin air!
The magic dart hits you.
You die...

#...# ###.>!..# # ##.### #.....#
# #..# ##.....### ##.##
#......... #..# #####.#.#####.
#{## #.....#.##....
#############.# #.#####....~~~
..............######.##...).~~~~~
######........{.@.......~.~~~≈P~≈
#..~...P....~~....~~~P~~≈≈≈≈
####.~~.~P~P≈≈≈~.P~~~≈≈≈≈≈≈≈
#####≈≈≈~~~≈≈≈≈≈≈≈≈≈~~~≈≈≈≈≈≈≈~
#≈≈≈≈≈≈≈≈≈≈≈≈≈≈≈~~~~~~≈≈≈~P~≈~~
##≈≈≈≈≈≈≈≈≈≈≈≈~≈.~~.~..~P~.~~..
#######P..~~.~~......~.~......
##...............###..........
#................# ###########


There were no monsters in sight!

Vanquished Creatures
  3 adders
  A worm (D:2)
  A dart slug (D:1)
  5 orcs
  5 ball pythons (D:1)
  3 endoplasms
  8 goblins
  3 hobgoblins
  4 jackals (D:1)
  6 kobolds
  A quokka (D:1)
  3 bats
  2 frilled lizards
  A rat (D:2)
46 creatures vanquished.

Vanquished Creatures (others)
  7 plants
7 creatures vanquished.

Grand Total: 53 creatures vanquished

Notes
Turn   | Place    | Note
-------+----------+-------------------------------------------
     0 | D:1      | mopl the Barachi Monk began the quest for the Orb.
     0 | D:1      | Reached XP level 1. HP: 18/18 MP: 1/1
    95 | D:1      | Reached XP level 2. HP: 23/24 MP: 2/2
   103 | D:1      | Reached skill level 4 in Axes
   444 | D:1      | Reached XP level 3. HP: 19/29 MP: 3/3
   790 | D:2      | Found a white marble altar of Elyvilon.
   949 | D:2      | Became a worshipper of Elyvilon the Healer
   949 | D:2      | Reached * piety under Elyvilon
   949 | D:2      | Reached ** piety under Elyvilon
   980 | D:2      | Reached skill level 5 in Axes
  1163 | D:2      | Found a faded altar of an unknown god.
  1371 | D:3      | Reached XP level 4. HP: 32/36 MP: 4/4
  1373 | D:3      | Found a stormy altar of Qazlal.
  1696 | D:3      | Elyvilon protects you from harm!
  2045 | D:2      | Killed from afar by an orc wizard

Illustrated notes

Levels and vault maps discovered:
D:1:      lightli_arrival_boilingwater, layout_basic,
          amcnicky_mini_corridor_feature
D:2:      layout_basic, basic_altar, ebering_ecumenical_altar_rust,
          chequers_big_river, due_unseen_surprise
D:3:      layout_loops_ring, tgw_kikubaaqudgha, grunt_qazlal_clouds,
          serial_bayou_pond_b, uniq_jessica

Skill      XL: |  1  2  3 |
---------------+----------+-----
Axes           | 4 5 |  5.4
Fighting       | |  3.6
Dodging        | |  3.2
Stealth        | |  1.7
Invocations    | |  0.9

Action                   |  1- 3 |  4- 6 || total
-------------------------+-------+-------++-------
Melee: Hand axe          |   120 |    68 ||   188
       Punch             |     1 |     1 ||     2
 Abil: Hop               |       |     2 ||     2
  Use: Potion            |       |     3 ||     3
 Stab: Sleeping          |     1 |       ||     1
Armor: Ring mail         |    61 |     5 ||    66
       Acid dragon scale |       |    25 ||    25
Dodge: Dodged            |    75 |    54 ||   129
